 Seeded DCSS version 0.29.1-15-g9cfb28693d (webtiles) character file.

Game seed: 8789679239220866035 (custom seed)

124 valliere the Slasher (level 4, -4/34 HPs)
             Began as a Demonspawn Gladiator on Apr 4, 2023.
             Slain by a gnoll
             ... wielding a +0 spear
              (6 damage)
             ... on level 3 of the Dungeon.
             The game lasted 00:03:40 (2378 turns).

valliere the Slasher (Demonspawn Gladiator)         Turns: 2378, Time: 00:03:42

Health: -4/34      AC:  3    Str: 15    XL:     4   Next: 81%
Magic:  5/5        EV: 13    Int:  9    God:
Gold:   120        SH:  0    Dex: 16    Spells: 3/3 levels left

rFire   . . .      SeeInvis .   i - +11 plutonium sword {Contam Stlth-}
rCold   . . .      Faith    .   (shield currently unavailable)
rNeg    . . .      Spirit   .   b - +0 leather armour
rPois   +          Reflect  .   (helmet restricted)
rElec   .          Harm     .   (no cloak)
rCorr   .          Rampage  .   (no gloves)
Will    .....                   (no boots)
Stlth   ..........              (no amulet)
HPRegen 0.11/turn               k - ring of poison resistance
MPRegen 0.09/turn               (no ring)

@: no status effects
A: claws 1, horns 1, spiny 1
a: no special abilities


You were on level 3 of the Dungeon.
You visited 1 branch of the dungeon, and saw 3 of its levels.

You collected 120 gold pieces.

Inventory:

Hand Weapons
 a - a +0 long sword
 i - the +11 plutonium sword (weapon) {Contam Stlth-}
   (You found it on level 1 of the Dungeon)

   It occasionally inflicts wild transmutation effects on those it strikes,
   inflicting malmutation or extra damage, or polymorphing them into a new form.
   Contam:    It causes magical contamination when unequipped.
   Stlth:     It makes you less stealthy.
Missiles
 d - 3 throwing nets (quivered)
 e - a javelin
Armour
 b - a +0 leather armour (worn)
 c - a +0 helmet
Jewellery
 k - a ring of poison resistance (left claw)
Scrolls
 f - 5 scrolls of identify {unknown}
 g - a scroll of brand weapon {unknown}
 h - a scroll of teleportation {unknown}
 l - a scroll of vulnerability {unknown}
 m - a scroll of magic mapping {unknown}
 n - a scroll of enchant armour {unknown}
Potions
 j - a potion of resistance {unknown}


   Skills:
 + Level 2.6 Fighting
 * Level 3.6 Long Blades
 - Level 1.7 Throwing
 + Level 1.3 Armour
 + Level 3.2 Dodging
 + Level 2.2 Invocations


You had 3 spell levels left.
You didn't know any spells.
Your spell library contained the following spells:

 Spells                   Type           Power      Damage    Failure   Level
 Scorch                   Fire           0%         2d5       58%         2
 Flame Wave               Conj/Fire      0%         2d4       99%         4
 Summon Cactus Giant      Summ           0%         N/A       100%        6


Dungeon Overview and Level Annotations

Branches:
Dungeon (3/15)

Altars:


Innate Abilities, Weirdness & Mutations

You have sharp fingernails.
You have a pair of small horns on your head.
You are partially covered in sharp spines.


Message History

You kill the kobold!
Things that are here:
a +0 short sword; 4 poisoned darts; a kobold corpse
Found a buckler.
Found a stone staircase leading down.
You see here a +0 buckler.
There is a stone staircase leading down here.
You see here a +2 vorpal hand axe.
A gnoll comes into view. It is wielding a +0 flail.
The gnoll shouts!
A gnoll comes into view. It is wielding a +0 spear.
An orc and 2 gnolls come into view.
The orc shouts!
The gnoll shouts! x3
The gnoll hits you but does no damage.
You closely miss the gnoll. You headbutt the gnoll.
The gnoll is heavily wounded.
The gnoll hits you from afar with a +0 spear.
The gnoll hits you from afar with a +0 spear!
The gnoll is struck by your spines. The gnoll hits you with a +0 flail.
The gnoll barely misses you.
The gnoll hits you from afar with a +0 spear.
The gnoll hits you but does no damage.
The gnoll hits you from afar with a +0 spear.
The gnoll hits you from afar with a +0 spear!
* * * LOW HITPOINT WARNING * * *
The gnoll misses you. The gnoll attacks as you move away!
The gnoll closely misses you. The gnoll attacks as you move away!
The gnoll misses you.
You slash the gnoll!
You kill the gnoll!
The gnoll hits you with a +0 spear.
* * * LOW HITPOINT WARNING * * *
The gnoll barely misses you.
You slash the gnoll!
Mutagenic energy flows through the plutonium sword!
There is a strange surge of energy around the gnoll.
The gnoll twists and deforms.
The gnoll is severely wounded.
The gnoll is struck by your spines. The gnoll barely misses you.
The gnoll hits you from afar with a +0 spear.
You die...

##.###...#### #.#
#...........# #.#
............# #.#
#........g..###.#
##.###...#..)...#
#...#o###..#
#...#g# #..#
##+#######g###.##
##...## #.@...#
##.....## ###.###
##.......## ##.##
#.........####...##
+.........+.......#
#..<......####...##
##.......## ##.##
##.....## #.#
##...## #>#


You could see 3 gnolls and an orc.

Vanquished Creatures
  Natasha (twice) (D:2)
  A gnoll (D:3)
  An adder (D:2)
  2 worms (D:2)
  2 dart slugs (D:2)
  An endoplasm (D:1)
  2 giant cockroaches (D:2)
  10 hobgoblins
  3 jackals (D:1)
  4 kobolds
  2 quokkas
  A ball python (D:2)
  2 bats
  3 frilled lizards
  7 goblins
  3 rats
46 creatures vanquished.

Notes
Turn   | Place    | Note
-------+----------+-------------------------------------------
     0 | D:1      | valliere the Demonspawn Gladiator began the quest for the
                  | Orb.
     0 | D:1      | Reached XP level 1. HP: 16/16 MP: 1/1
   290 | D:1      | Discovered your monstrous ancestry.
   290 | D:1      | Gained mutation: You have a pair of small horns on your
                  | head. [demonic ancestry]
   290 | D:1      | Reached XP level 2. HP: 18/22 MP: 2/2
   590 | D:1      | Reached skill level 1 in Invocations
   887 | D:1      | Found the +11 plutonium sword {Contam Stlth-}
  1110 | D:1      | Found a faded altar of an unknown god.
  1297 | D:1      | Gained mutation: You are partially covered in sharp spines.
                  | [demonic ancestry]
  1297 | D:1      | Reached XP level 3. HP: 27/27 MP: 3/3
  1845 | D:2      | Noticed Natasha
  1847 | D:2      | Killed Natasha
  1848 | D:2      | Reached skill level 1 in Armour
  1880 | D:2      | Gained mutation: You have sharp fingernails. [demonic
                  | ancestry]
  1880 | D:2      | Reached XP level 4. HP: 34/34 MP: 5/5
  2239 | D:2      | Noticed Natasha
  2247 | D:2      | Killed Natasha
  2378 | D:3      | Slain by a gnoll

Illustrated notes

Levels and vault maps discovered:
D:1:      minmay_arrival_checkered_box, layout_loops_corners,
          chequers_ecumenical_altar_lobes, minivault_5, dreamdust_wishing_well,
          amcnicky_mini_corridor_feature, serial_bayou_pond_c
D:2:      layout_basic, uniq_natasha
D:3:      layout_loops_corners, nemelex_diamond_rough_becter, st_stairs_3

Skill      XL: |  1  2  3  4 |
---------------+-------------+-----
Long Blades    | 3 |  3.6
Invocations    | 1 2 |  2.2
Dodging        | 3 |  3.2
Armour         | 1 |  1.3
Fighting       | |  2.6
Throwing       | |  1.7

Action                   |  1- 3 |  4- 6 || total
-------------------------+-------+-------++-------
Melee: Long sword        |    39 |       ||    39
       Punch             |     1 |       ||     1
       Triple sword      |    25 |    20 ||    45
       Headbutt          |     6 |     3 ||     9
Armor: Leather armour    |     9 |     4 ||    13
Dodge: Dodged            |    34 |    21 ||    55
